 Dungeon Crawl Stone Soup version 0.29-a0-284-gf9362112df (webtiles) character file.

Game seed: 3959589892396662239

2776 gzilladon the Spear-Bearer (level 9, -15/82 HPs)
             Began as a Minotaur Berserker on Mar 23, 2022.
             Was an Elder of Trog.
             Demolished by a cane toad (23 damage)
             ... on level 1 of the Lair of Beasts.
             The game lasted 01:00:39 (6550 turns).

gzilladon the Spear-Bearer (Minotaur Berserker)     Turns: 6550, Time: 01:00:40

Health: -15/82     AC:  4    Str: 35    XL:     9   Next: 42%
Magic:  8/8        EV: 17    Int:  4    God:    Trog [****..]
Gold:   389        SH:  0    Dex: 11    Spells: 8/8 levels left

rFire   . . .      SeeInvis .   a - +0 spear
rCold   . . .      Faith    .   (no shield)
rNeg    + . .      Spirit   .   r - +0 leather armour of Ru's Righteous Fury {rN+ Will- rCorr Str+4}
rPois   .          Reflect  .   (helmet restricted)
rElec   .          Harm     .   u - scarf {repulsion}
rCorr   +          Rampage  .   (no gloves)
Will    .....                   (no boots)
Stlth   ++........              z - amulet of regeneration
HPRegen 1.03/turn               t - +6 ring of strength
MPRegen 0.11/turn               d - +4 ring of evasion

@: mighty, lethally poisoned (-15 -> -16), repel missiles
A: horns 2, retaliatory headbutt, shaggy fur 1
a: Renounce Religion, Berserk, Trog's Hand, Brothers in Arms


You were on level 1 of the Lair of Beasts.
You worshipped Trog.
Trog was greatly pleased with you.
You visited 2 branches of the dungeon, and saw 9 of its levels.

You collected 389 gold pieces.

Inventory:

Hand Weapons
 a - a +0 spear (weapon)
 g - a +0 short sword
 m - a +0 flail of protection
 n - a +0 halberd
Missiles
 q - 31 stones (quivered)
 B - a poisoned dart
 C - a throwing net
Armour
 b - a +0 animal skin
 e - a +0 leather armour
 f - a +0 ring mail
 r - the +0 leather armour of Ru's Righteous Fury (worn) {rN+ Will- rCorr Str+4}
   (You found it on level 2 of the Dungeon)

   Str:       It affects your strength (+4).
   rN:        It protects you from negative energy.
   rCorr:     It protects you from acid and corrosion.
   Will:      It decreases your willpower.
 u - a scarf of repulsion (worn)
 G - a +2 pair of gloves
Magical Staves
 p - a staff of death
 N - a staff of air
Jewellery
 d - a +4 ring of evasion (right hand)
 t - a +6 ring of strength (left hand)
 z - an amulet of regeneration (around neck)
 J - a ring of positive energy
 K - a ring of willpower
Wands
 L - a wand of paralysis (10)
Scrolls
 c - a scroll of enchant weapon {unknown}
 h - a scroll of immolation {unknown}
 i - 2 scrolls of vulnerability {unknown}
 l - 2 scrolls of magic mapping {unknown}
 o - 3 scrolls of teleportation {unknown}
 v - 3 scrolls of identify {unknown}
 w - a scroll of brand weapon {unknown}
 y - a scroll of enchant armour {unknown}
 A - a scroll of fear {unknown}
 D - 2 scrolls of torment {unknown}
 I - a scroll of noise {unknown}
Potions
 j - a potion of ambrosia {unknown}
 k - a potion of lignification {unknown}
 s - a potion of attraction {unknown}
 x - a potion of invisibility {unknown}
 E - a potion of curing {unknown}
 F - a potion of haste {unknown}
 H - a potion of might


   Skills:
 + Level 8.4 Fighting
 + Level 10.0 Polearms
 + Level 3.5 Throwing
 + Level 5.2 Armour
 + Level 5.8 Dodging
 + Level 3.0 Stealth


You had 8 spell levels left.
You didn't know any spells.
Your spell library contained the following spells:

 Spells                   Type           Power      Damage    Failure   Level
 Freeze                   Ice            0%         1d3       52%         1
 Ensorcelled Hibernation  Hex/Ice        0%         N/A       67%         2
 Passwall                 Tmut/Erth      0%         N/A       67%         2
 Dazzling Flash           Conj/Hex       0%         N/A       88%         3
 Frozen Ramparts          Ice            0%         1d2       88%         3
 Swiftness                Air            0%         N/A       88%         3
 Hailstorm                Conj/Ice       0%         3d3       99%         4
 Ice Form                 Ice/Tmut       0%         N/A       99%         4
 Iskenderun's Mystic Bla  Conj/Tloc      0%         2d3       99%         4
 Summon Ice Beast         Ice/Summ       0%         N/A       99%         4
 Blade Hands              Tmut           0%         N/A       100%        5
 Irradiate                Conj/Tmut      0%         3d14      100%        5
 Starburst                Conj/Fire      0%         6d3       100%        6
 Dragon Form              Tmut           0%         N/A       100%        7


Dungeon Overview and Level Annotations

Branches:
Dungeon (8/15)               Lair (1/6) D:8
 Temple: D:4-7

Altars:
Makhleb

Shops:
D:1 *   D:5 (


Innate Abilities, Weirdness & Mutations

You have a pair of horns on your head.
You reflexively headbutt those who attack you in melee.
You are covered in fur. (AC +1)


Message History

Your Polearms skill increases to level 10!
You hit the cane toad.
The cane toad is moderately wounded.
You feel very sick.
You hit the cane toad but do no damage. Your headbutt misses the cane toad.
The cane toad is moderately wounded.
You feel very sick.
The cane toad stings you but does no damage.
You puncture the cane toad! Your headbutt misses the cane toad.
The cane toad is heavily wounded.
You feel very sick. The cane toad closely misses you. You furiously retaliate!
You headbutt the cane toad! You barely miss the cane toad.
The cane toad is almost dead.
You feel sick. The cane toad closely misses you.
You barely miss the cane toad.
The cane toad is almost dead.
You feel very sick.
You barely miss the cane toad. Your headbutt misses the cane toad.
The cane toad is almost dead.
You feel sick. The cane toad misses you.
You hit the cane toad but do no damage.
The cane toad is almost dead.
You feel sick. The cane toad stings you!
* * * LOW HITPOINT WARNING * * *
You completely miss the cane toad. Your headbutt misses the cane toad.
The cane toad is almost dead.
You feel sick. The cane toad closely misses you.
It was a potion of might.
You feel very mighty all of a sudden.
You feel sick. The cane toad stings you.
* * * LOW HITPOINT WARNING * * *
You hit the cane toad.
The cane toad is almost dead.
You feel sick.
You closely miss the cane toad.
The cane toad is almost dead.
You feel sick. The cane toad stings you!!
You die...

#....#......#.<... ..
#....#...........# .
##...........#....# .
#. #.....###+.##......
..##.
+.................#
....
#.................#
..###P................
#.##†................
#.hF@..####.P.###..
.......h##..# .#.# ..
.8......##..# .
...#....##..#
....###.#...# ....
####..# ..# #### .#


You could see a cane toad and 2 wolves.

Vanquished Creatures
  A yak (D:8)
  3 water moccasins
  2 orc warriors
  2 ice beasts
  2 sky beasts
  4 wolves (Lair:1)
  A centaur (D:7)
  A phantom (D:6)
  2 bullfrogs
  2 scorpions
  5 wights (D:6)
  A howler monkey (D:6)
  A jelly (D:5)
  4 hounds
  2 orc priests (D:6)
  Natasha (thrice) (D:2)
  4 iguanas (D:5)
  2 orc wizards
  12 gnolls
  8 adders
  2 shadow imps (D:7)
  3 white imps
  An ufetubus (D:5)
  A worm (D:2)
  A dart slug (D:1)
  21 orcs
  3 bats
  3 endoplasms
  A giant cockroach (D:1)
  5 goblins
  4 hobgoblins
  4 jackals (D:1)
  6 kobolds
  3 quokkas
  2 ball pythons
  4 frilled lizards
  4 rats
130 creatures vanquished.

Vanquished Creatures (others)
  4 fungi
  5 plants
9 creatures vanquished.

Grand Total: 139 creatures vanquished

Notes
Turn   | Place    | Note
-------+----------+-------------------------------------------
     0 | D:1      | gzilladon the Minotaur Berserker began the quest for the
                  | Orb.
     0 | D:1      | Reached XP level 1. HP: 19/19 MP: 0/0
   109 | D:1      | Found Bojonn's Assorted Antiques.
   293 | D:1      | Reached XP level 2. HP: 16/27 MP: 1/1
   302 | D:1      | Reached skill level 4 in Polearms
   775 | D:2      | Reached XP level 3. HP: 30/34 MP: 2/2
   919 | D:2      | Reached skill level 5 in Fighting
   919 | D:2      | Reached XP level 4. HP: 31/42 MP: 3/3
   966 | D:2      | Noticed Natasha
   975 | D:2      | Killed Natasha
  1059 | D:2      | HP: 2/42 [poisoned by a kobold]
  1159 | D:2      | Noticed Natasha
  1167 | D:2      | Killed Natasha
  1167 | D:2      | Reached ** piety under Trog
  1168 | D:2      | Reached skill level 1 in Stealth
  1373 | D:2      | Noticed Natasha
  1379 | D:2      | Killed Natasha
  1380 | D:2      | Reached skill level 5 in Polearms
  1380 | D:2      | Reached XP level 5. HP: 48/48 MP: 4/4
  1414 | D:2      | Identified the +0 leather armour of Ru's Righteous Fury
                  | {rN+ Will- rCorr Str+4}
  2649 | D:4      | Noticed a water moccasin
  2662 | D:4      | Killed a water moccasin
  2663 | D:4      | Reached XP level 6. HP: 16/57 MP: 5/5
  3065 | D:4      | Reached skill level 6 in Polearms
  3235 | D:5      | Entered Level 5 of the Dungeon
  3235 | D:5      | Found Lioll's Hydra Hut.
  3260 | D:5      | Noticed a five-headed hydra
  3815 | D:6      | Reached skill level 1 in Throwing
  3816 | D:6      | Noticed a sky beast
  3825 | D:6      | Killed a sky beast
  3826 | D:6      | Reached XP level 7. HP: 56/63 MP: 6/6
  3886 | D:6      | Gained mutation: You are covered in fur. (AC +1) [potion of
                  | mutation]
  3902 | D:6      | Reached skill level 7 in Polearms
  4262 | D:6      | Reached XP level 8. HP: 54/71 MP: 7/7
  4679 | D:5      | Reached *** piety under Trog
  5096 | D:6      | Reached skill level 8 in Polearms
  5380 | D:6      | Identified the +4 scale mail of Yjaam {rPois rF+}
  5612 | D:7      | Reached skill level 5 in Dodging
  5624 | D:7      | Reached skill level 9 in Polearms
  5965 | D:7      | Found a burning altar of Makhleb.
  5993 | D:7      | Reached XP level 9. HP: 80/80 MP: 8/8
  6215 | D:8      | Identified the +9 mace of the Burnt God {antimagic, Fragile
                  | rPois rCorr Int+6}
  6387 | D:8      | Reached skill level 5 in Armour
  6453 | D:8      | Found a staircase to the Lair.
  6477 | Lair:1   | Entered Level 1 of the Lair of Beasts
  6503 | Lair:1   | Noticed a cane toad
  6521 | Lair:1   | Reached **** piety under Trog
  6540 | Lair:1   | Reached skill level 10 in Polearms
  6550 | Lair:1   | Demolished by a cane toad

Illustrated notes

Levels and vault maps discovered:
D:1:      dpeg_arrival_rooms_with_view, layout_loops_corners, serial_shops, shop
D:2:      layout_basic, kennysheep_flooded_box, uniq_robin, uniq_natasha
D:3:      layout_basic, gup_sewer_entry_spiral
D:4:      layout_basic, serial_rivers, chequers_serial_rivers_large_a,
          chequers_serial_rivers_small_b, chequers_serial_rivers_micro_b,
          chequers_serial_rivers_room_a, chequers_serial_rivers_micro_e
D:5:      layout_rooms, minivault_1, chequers_serial_rivers_micro_c,
          doesnt_shop_hydraphobe
D:6:      minmay_angry_zag, layout_rooms, uniq_crazy_yiuf_cottage
D:7:      layout_basic, bloody_makhleb, temple_doors_ab
D:8:      layout_basic, mainiacjoe_overflow_six_doors_small,
          grunt_lair_entry_orc_guard_hut, serial_shops, shop
Lair:1:   layout_regular_city, minivault_25, grunt_megastairs_4

Skill      XL: |  1  2  3  4  5  6  7  8  9 |
---------------+----------------------------+-----
Fighting       | 4 5 6 7 8 |  8.4
Polearms       | 4 5 6 7 9 10 | 10.0
Stealth        | 1 2 3 |  3.0
Armour         | 3 4 5 |  5.2
Dodging        | 3 5 |  5.8
Throwing       | 1 3 |  3.5

Action                   |  1- 3 |  4- 6 |  7- 9 || total
-------------------------+-------+-------+-------++-------
Melee: Spear             |    80 |   136 |   300 ||   516
       Headbutt          |     7 |    19 |    66 ||    92
       Punch             |       |     1 |     5 ||     6
Throw: Stone             |     9 |    33 |    19 ||    61
       Dart              |       |       |     9 ||     9
  Use: Scroll            |       |     1 |       ||     1
       Potion            |       |       |     4 ||     4
 Stab: Sleeping          |       |     1 |       ||     1
Armor: Leather armour    |     6 |    11 |    40 ||    57
       Animal skin       |     1 |       |       ||     1
       Ring mail         |    12 |     7 |       ||    19
Dodge: Dodged            |    31 |    51 |   148 ||   230
       Repelled          |       |       |     2 ||     2

Table legend: (Time is in decaauts)
 A = Elapsed time spent in this place.
 B = Non-inter-level travel time spent in this place.
 C = Inter-level travel time spent in this place.
 D = Time resting spent in this place.
 E = Time spent auto-exploring this place.
 F = Levels seen in this place.
 G = Mean time per level.
                   A        B        C        D        E       F      G
               +--------+--------+--------+--------+--------+-----+--------+
         Total |   6475 |   5849 |    626 |   1893 |      0 |   9 |  719.4 |
       Dungeon |   6419 |   5793 |    626 |   1893 |      0 |   8 |  802.4 |
          Lair |     56 |     56 |      0 |      0 |      0 |   1 |   56.0 |
               +--------+--------+--------+--------+--------+-----+--------+

Top non-repeatable levels by time:
     D:5: 1249 daAuts
     D:3: 1124 daAuts
     D:6: 904 daAuts
     D:7: 789 daAuts
     D:2: 789 daAuts
     D:4: 686 daAuts
     D:1: 658 daAuts
     D:8: 215 daAuts
  Lair:1: 56 daAuts
